 Dungeon Crawl Stone Soup version 0.31.0-12-g77e489cdc1 (webtiles) character file.

Game seed: 11606527528288421987

263616 hackum the Marksdemigod (level 18, -4/163 HPs)
             Began as a Demigod Hunter on Feb 15, 2024.
             Killed by the air
             ... invoked by Gedovoji the Cloud Mage
              (11 damage)
             ... in a wizard's laboratory.
             The game lasted 01:01:02 (35425 turns).

hackum the Marksdemigod (Demigod Hunter)           Turns: 35425, Time: 01:01:03

Health: -4/163     AC: 22    Str: 12    XL:     18   Next: 55%
Magic:  0/21       EV: 32    Int: 11    God:
Gold:   3607       SH: 20    Dex: 47    Spells: 17/17 levels left

rFire   + + .        H - +4 hand cannon (flame)
rCold   + . .        h - +2 kite shield {AC+3}
rNeg    . . .        N - +3 ring mail {rF+}
rPois   +            x - +2 hat
rElec   +            c - +1 cloak {rCorr}
rCorr   +            G - +2 pair of gloves {Stlth+}
SInv    +            (no boots)
Will    +....        p - amulet of guardian spirit
Stlth   ++++         n - ring of see invisible
HPRegen 0.47/turn    T - +6 ring of dexterity
MPRegen 0.17/turn

%: guardian spirit
@: resistant, flying (expiring), hasted, very quick
A: high MP 1, forlorn, divine attributes, poison resistance
}: 2/15 runes: decaying, serpentine
a: no special abilities


You were in a wizard's laboratory.
You visited 6 branches of the dungeon, and saw 31 of its levels.
You also visited: Bailey, Volcano and Wizlab.

You collected 4533 gold pieces.
You spent 926 gold pieces at shops.

Inventory:

Hand Weapons
 H - a +4 hand cannon of flaming (weapon)
 U - a +4 arbalest of draining
 Y - a +5 orcbow of flaming
Missiles
 k - 2 curare-tipped darts
Armour
 c - a +1 cloak of preservation (worn)
 h - a +2 kite shield of protection (worn)
 o - a +2 robe of fire resistance
 x - a +2 hat (worn)
 y - a +2 leather armour of fire resistance
 G - a +2 pair of gloves of stealth (worn)
 M - a +3 scale mail of fire resistance
 N - a +3 ring mail of fire resistance (worn)
Jewellery
 a - a +4 ring of protection
 n - a ring of see invisible (left hand)
 p - an amulet of guardian spirit (around neck)
 Q - a ring of protection from fire
 T - a +6 ring of dexterity (right hand)
 X - a +6 ring of strength
Talismans
 q - the serpent talisman of Jigsaw {Will++ Dex+2}
   (You took it off Aizul on level 2 of the Snake Pit)

   [serpent talisman]

   Dex+2:     It affects your dexterity (+2).
   Will++:    It greatly increases your willpower.
Wands
 s - a wand of charming (39)
 u - a wand of digging (5)
 P - a wand of acid (37)
 S - a wand of mindburst (5)
 Z - a wand of iceblast (8)
Scrolls
 d - 2 scrolls of revelation
 g - 7 scrolls of enchant armour
 i - 4 scrolls of amnesia
 m - 13 scrolls of teleportation
 z - 15 scrolls of identify
 A - a scroll of fear
 D - 3 scrolls of torment
 E - 2 scrolls of butterflies
 K - 6 scrolls of poison
 L - 6 scrolls of brand weapon
 R - 5 scrolls of immolation
 V - 2 scrolls of silence
 W - a scroll of blinking
Potions
 e - a potion of berserk rage
 f - 15 potions of curing
 j - 2 potions of invisibility
 l - a potion of resistance
 r - 6 potions of lignification
 t - 5 potions of mutation
 v - 11 potions of heal wounds
 w - 2 potions of magic
 B - 2 potions of brilliance
 C - 3 potions of enlightenment
 F - 8 potions of haste
 I - 2 potions of cancellation
 O - 7 potions of might
Miscellaneous
 b - a phantom mirror


   Skills:
 + Level 15.0 Fighting
 - Level 18.5 Ranged Weapons
 + Level 15.2 Armour
 + Level 14.9 Dodging
 - Level 0.8 Stealth
 * Level 9.3 Shields
 + Level 6.4 Shapeshifting


You had 17 spell levels left.
You didn't know any spells.
Your spell library contained the following spells:

 Spells                   Type           Power      Damage    Failure   Level
 Kiss of Death            Conj/Necr      0%         2d5       86%         1
 Magic Dart               Conj           0%         1d3       86%         1
 Slow                     Hex            0%         N/A       86%         1
 Sting                    Conj/Alch      0%         1d3       86%         1
 Blink                    Tloc           0%         N/A       94%         2
 Call Imp                 Summ           0%         N/A       94%         2
 Cigotuvi's Dreadful Rot  Necr/Alch/Air  0%         N/A       94%         2
 Ensorcelled Hibernation  Hex/Ice        0%         N/A       94%         2
 Mercury Vapours          Alch/Air       0%         N/A       94%         2
 Scorch                   Fire           0%         2d5       94%         2
 Static Discharge         Conj/Air       0%         3-3/arc   94%         2
 Confusing Touch          Hex            0%         N/A       99%         3
 Dazzling Flash           Conj/Hex       0%         N/A       99%         3
 Fugue of the Fallen      Necr           0%         N/A       99%         3
 Hailstorm                Conj/Ice       0%         3d5       99%         3
 Mephitic Cloud           Conj/Alch/Air  0%         N/A       99%         3
 Sigil of Binding         Hex            0%         N/A       99%         3
 Summon Ice Beast         Ice/Summ       0%         N/A       99%         3
 Teleport Other           Tloc           0%         N/A       99%         3
 Tukima's Dance           Hex            0%         N/A       99%         3
 Vampiric Draining        Necr           0%         2d6       99%         3
 Volatile Blastmotes      Fire/Tloc      0%         2d10      99%         3
 Airstrike                Air            0%         2d(0-16)  100%        4
 Anguish                  Hex/Necr       0%         N/A       100%        4
 Animate Armour           Summ/Erth      0%         N/A       100%        4
 Dispel Undead            Necr           0%         3d6       100%        4
 Flame Wave               Conj/Fire      0%         2d4       100%        4
 Fulminant Prism          Conj/Alch      0%         3d5       100%        4
 Ignite Poison            Fire/Alch      0%         N/A       100%        4
 Iskenderun's Mystic Bla  Conj/Tloc      0%         2d3       100%        4
 Leda's Liquefaction      Alch/Erth      0%         N/A       100%        4
 Olgreb's Toxic Radiance  Alch           0%         N/A       100%        4
 Passage of Golubria      Tloc           0%         N/A       100%        4
 Summon Lightning Spire   Summ/Air       0%         N/A       100%        4
 Curse of Agony           Necr           0%         N/A       100%        5
 Freezing Cloud           Conj/Ice/Air   0%         6-21      100%        5
 Lee's Rapid Deconstruct  Erth           0%         3d4*      100%        5
 Silence                  Hex/Air        0%         N/A       100%        5
 Yara's Violent Unravell  Hex/Alch       0%         3d3       100%        5
 Dispersal                Tloc           0%         N/A       100%        6
 Sculpt Simulacrum        Ice/Alch       0%         N/A       100%        6
 Starburst                Conj/Fire      0%         6d3       100%        6
 Summon Cactus Giant      Summ           0%         N/A       100%        6
 Haunt                    Necr/Summ      0%         N/A       100%        7
 Malign Gateway           Summ/Tloc      0%         N/A       100%        7
 Borgnjor's Revivificati  Necr           0%         N/A       100%        8
 Maxwell's Capacitive Co  Air            0%         ∞         100%        8
 Chain Lightning          Conj/Air       0%         N/A       100%        9
 Death's Door             Necr           0%         N/A       100%        9
 Fire Storm               Conj/Fire      0%         5d1       100%        9
 Shatter                  Erth           0%         3d5*      100%        9


Dungeon Overview and Level Annotations

Branches:
Dungeon (15/15)            Temple (0/1) D:4            Lair (5/5) D:11
  Swamp (4/4) Lair:2        Snake (4/4) Lair:3        Slime (0/5) Lair:5
    Orc (2/2) D:10            Elf (0/3) Orc:2        Vaults (1/5) D:13
 Depths (0/4) D:15         Bailey (visited)         Volcano (visited)
 WizLab (1/1)

Shops:
D:4 !!   D:9 [*   D:11 *   D:12 :   Orc:2 ([=?

Annotations:
D:12 exclusion: obsidian statue
Swamp:4 2 transporters, Frank's ghost, adept DsFi
Snake:2 Roxanne


Innate Abilities, Weirdness & Mutations

You have an increased reservoir of magic. (+10% MP)
You shall have no god before yourself.
Your divine heritage dramatically boosts your attributes as you level up.
Your system is resistant to poisons. (rPois)


Message History

A ghost crab comes into view.
The air elemental completely misses you.
A spriggan air mage comes into view.
You feel yourself speed up.
The air elemental is destroyed!
The freezing vortex lifts you up.
You fly up into the air.
The air elemental is destroyed! x2
You block Gedovoji's attack. Gedovoji closely misses you.
Unknown command.
As you read the scroll of fog, it dissolves into smoke.
The air elemental is destroyed!
A ghost crab comes into view.
The ghost crab breathes spectral mist at you.
The spectral mist engulfs you. Gedovoji hits you but does no damage.
Gedovoji completely misses you.
The ghost crab breathes spectral mist at you.
The spectral mist engulfs you.
You shoot a bolt. The bolt hits Gedovoji!!
The bolt burns Gedovoji!
Gedovoji is severely wounded.
Gedovoji completely misses you. You block Gedovoji's attack.
A ghost crab comes into view.
An apocalypse crab comes into view.
A ghost crab comes into view.
Unknown command.
You shoot a bolt. The bolt hits Gedovoji.
The bolt burns Gedovoji.
Gedovoji is severely wounded.
You are engulfed in whirling frost.
* * * LOW HITPOINT WARNING * * *
The spriggan air mage dies!
You block Gedovoji's attack. Gedovoji completely misses you.
The ghost crab breathes spectral mist at you.
The spectral mist engulfs the ghost crab.
You shoot a bolt. The bolt hits Gedovoji!!
The bolt burns Gedovoji!
Gedovoji is almost dead.
* * * LOW HITPOINT WARNING * * *
The blizzard demon dies!
The ghost crab breathes spectral mist at you.
The spectral mist engulfs you.
Gedovoji waves his arms in wide circles.
The air twists around and strikes you!
You die...

# ##########
..#§§#§§#§§##
...§§§§§§§§§#
...§§§§§§§§§#
...§§§§§§§§§#
§t§§§§§§@§§§+
§§tZ§§§@§§§§#
☼☼☼§§§§§§§§§#
t§§Z§§§§§§t§#
☼Z#§§#§t#§§##
# ##########


You could see Gedovoji the Cloud Mage (vortex), 4 ghost crabs, an apocalypse
crab, a spectral deep elf death mage (summoned), a spectral frost giant
(summoned) and a spectral demonspawn corrupter (summoned).

Vanquished Creatures
  Vashnia (Snake:2)
  Mlioglotl (Swamp:2)
  Jorgrun (D:12)
  Rupert (Lair:4)
  3 thorn hunters
  Aizul (Snake:2)
  5 nagarajas
  Louise (Snake:3)
  3 ghouls (Swamp:2)
  An orc warlord (Bailey)
  4 bunyips
  5 eleionomae
  A spark wasp (WizLab)
  A blizzard demon (WizLab)
  An ettin (Orc:1)
  2 shambling mangroves (Swamp:4)
  A fire dragon (D:14)
  An entropy weaver (shapeshifter) (D:15)
  A rakshasa (D:13)
  3 catoblepae
  A spriggan air mage (WizLab)
  A great orb of eyes (D:13)
  4 vault guards (D:13)
  24 hydras
  4 ogre magi
  3 ghost crabs (Swamp:1)
  5 salamander tyrants
  8 centaur warriors
  4 alligators
  A death knight (D:13)
  4 boulder beetles
  4 anacondas
  A sphinx zombie (D:15)
  7 two-headed ogres
  11 naga warriors
  3 tengu warriors
  4 death yaks (Lair:5)
  An orc high priest (D:10)
  11 naga sharpshooters
  A storm dragon zombie (D:15)
  7 shock serpents
  A vampire mage (D:15)
  A fire crab (Lair:3)
  A spriggan berserker (Swamp:4)
  5 goliath frogs
  A death drake (Swamp:1)
  7 salamander mystics
  A skyshark (Lair:5)
  2 spriggan druids
  2 skeletal warriors (D:15)
  2 deep elf archers (Volcano)
  9 mana vipers
  8 naga ritualists
  9 bog bodies
  17 swamp dragons
  3 lindwurms
  A necromancer (D:15)
  3 orc knights
  2 wolf spiders
  14 deep elf pyromancers
  5 will-o-the-wisps
  11 orc sorcerers
  3 cyclopes
  7 ugly things
  2 manticores
  17 salamanders
  4 guardian serpents
  2 kobold blastminers (Orc:2)
  21 black mambas
  22 naga magi
  An ice statue (Lair:5)
  A torpor snail (Lair:3)
  14 elephants
  7 cane toads
  2 unseen horrors
  2 gargoyles
  A kobold demonologist (D:13)
  A rime drake (shapeshifter) (D:13)
  4 rime drakes
  9 komodo dragons
  3 tengu conjurers
  An ice devil (Lair:5)
  5 trolls
  4 polar bears
  A polar bear (shapeshifter) (D:13)
  A wolf spider simulacrum (D:14)
  5 bloated husks
  13 hornets
  A wind drake (WizLab)
  Grinder (D:3)
  11 tyrant leeches
  A dream sheep (Lair:3)
  25 blink frogs
  A spriggan zombie (D:15)
  Sigmund (D:3)
  2 shadows
  10 slime creatures
  18 spriggans
  6 wyverns
  A wraith (D:11)
  A vampire (D:14)
  24 yaks
  7 basilisks
  A warg (Orc:1)
  2 fire elementals (Volcano)
  A hog (shapeshifter) (D:13)
  A human (shapeshifter) (D:13)
  27 vampire mosquitoes
  A fire bat (shapeshifter) (D:13)
  A steam dragon (Lair:2)
  Menkaure (D:6)
  43 nagas
  14 swamp worms
  2 acid dragons
  Duvessa (D:4)
  22 water moccasins
  7 hell hounds (Volcano)
  9 ice beasts
  32 orc warriors
  7 black bears
  2 laughing skulls (D:13)
  9 ogres
  11 swamp drakes (Swamp:4)
  33 wolves
  5 boggarts (Lair:5)
  A phantom (D:6)
  9 centaurs
  A kobold brigand (D:8)
  Blork the orc (D:4)
  11 bullfrogs
  A gnoll sergeant (D:5)
  3 necrophages
  3 scorpions
  13 wights
  Dowan (D:4)
  13 killer bees
  3 troll zombies (D:10)
  8 electric eels (Lair:2)
  5 howler monkeys
  3 bombardier beetles
  A bullfrog zombie (D:5)
  A human zombie (D:5)
  3 hounds
  6 jellies
  15 orc priests
  Crazy Yiuf (D:2)
  A bullfrog skeleton (D:5)
  2 sleepcaps
  41 orc wizards
  A scorpion zombie (D:5)
  8 iguanas
  Natasha (thrice) (D:2)
  A killer bee zombie (D:5)
  5 ogre zombies (D:10)
  2 hound zombies (D:5)
  2 hound skeletons (D:5)
  A howler monkey skeleton (D:5)
  15 gnolls
  8 adders
  A shadow imp (D:6)
  2 white imps
  2 ufetubi (D:5)
  2 ribbon worms
  A dart slug (D:4)
  100 orcs
  5 endoplasms
  3 giant cockroaches
  8 gnoll zombies (D:10)
  19 goblins
  23 hobgoblins
  2 jackals (D:3)
  18 kobolds
  3 quokkas
  9 ball pythons
  3 bats
  3 frilled lizards
  3 gnoll skeletons (D:10)
  3 orc skeletons (D:10)
  11 orc zombies (D:10)
  9 rats
1170 creatures vanquished.

Vanquished Creatures (others)
  A blizzard demon (WizLab)
  A spriggan air mage (WizLab)
  4 air elementals (WizLab)
  A jelly (D:7)
  24 foxfires
  2 starspawn tentacles (Swamp:2)
33 creatures vanquished.

Grand Total: 1203 creatures vanquished

Notes
Turn   | Place    | Note
-------+----------+-------------------------------------------
     0 | D:1      | hackum the Demigod Hunter began the quest for the Orb.
     0 | D:1      | Reached XP level 1. HP: 17/17 MP: 3/3
   127 | D:1      | Reached XP level 2. HP: 24/24 MP: 4/4
   143 | D:1      | Reached skill level 4 in Ranged Weapons
   542 | D:1      | Reached XP level 3. HP: 29/29 MP: 5/5
   976 | D:2      | Noticed Natasha
   981 | D:2      | Killed Natasha
  1192 | D:2      | Reached XP level 4. HP: 34/37 MP: 6/6
  1273 | D:2      | Found a runed translucent door.
  1274 | D:2      | Noticed Crazy Yiuf
  1366 | D:2      | Noticed Natasha
  1370 | D:2      | Killed Natasha
  1635 | D:2      | Noticed Natasha
  1641 | D:2      | Killed Natasha
  1892 | D:2      | Killed Crazy Yiuf
  1893 | D:2      | Reached skill level 5 in Ranged Weapons
  1893 | D:2      | Reached XP level 5. HP: 26/44 MP: 7/7
  2149 | D:3      | Noticed Sigmund
  2155 | D:3      | Killed Sigmund
  2156 | D:3      | Reached XP level 6. HP: 51/51 MP: 8/8
  2287 | D:3      | Noticed Grinder
  2296 | D:3      | Paralysed by Grinder for 4 turns
  2302 | D:3      | Killed Grinder
  2303 | D:3      | Reached skill level 6 in Ranged Weapons
  2835 | D:4      | Noticed Duvessa
  2835 | D:4      | Noticed Dowan
  2844 | D:4      | Killed Duvessa
  2845 | D:4      | Reached XP level 7. HP: 56/59 MP: 9/9
  2854 | D:4      | Killed Dowan
  3012 | D:4      | Noticed Blork the orc
  3019 | D:4      | Killed Blork the orc
  3054 | D:4      | Reached skill level 7 in Ranged Weapons
  3416 | D:4      | Reached XP level 8. HP: 67/67 MP: 10/10
  3431 | D:4      | Found Seogant's Distillery.
  3437 | D:4      | Bought a potion of degeneration for 14 gold pieces
  3441 | D:4      | Found Misal's Distillery.
  3451 | D:4      | Bought a potion of lignification for 30 gold pieces
  3451 | D:4      | Bought a potion of heal wounds for 50 gold pieces
  3507 | D:4      | Found a staircase to the Ecumenical Temple.
  3823 | D:5      | Entered Level 5 of the Dungeon
  3871 | D:5      | Reached skill level 5 in Dodging
  3892 | D:5      | Reached skill level 5 in Fighting
  4264 | D:5      | Reached skill level 8 in Ranged Weapons
  5240 | D:6      | Reached XP level 9. HP: 73/75 MP: 11/11
  5265 | D:6      | Reached skill level 9 in Ranged Weapons
  5427 | D:6      | Noticed Menkaure
  5429 | D:6      | Killed Menkaure
  6998 | D:7      | Noticed a two-headed ogre
  7002 | D:7      | Killed a two-headed ogre
  7003 | D:7      | Reached skill level 10 in Ranged Weapons
  7421 | D:8      | Found a flagged portal.
  7433 | Bailey   | Entered a bailey
  7720 | Bailey   | Reached XP level 10. HP: 47/86 MP: 13/13
  7902 | Bailey   | Noticed an orc knight
  8102 | Bailey   | Killed an orc knight
  8103 | Bailey   | Reached skill level 1 in Armour
  8128 | Bailey   | Noticed an orc knight
  8173 | Bailey   | Killed an orc knight
  8310 | Bailey   | Reached skill level 11 in Ranged Weapons
  8377 | Bailey   | Noticed an orc warlord
  8444 | Bailey   | Killed an orc warlord
  8462 | Bailey   | Reached skill level 12 in Ranged Weapons
  8462 | Bailey   | Reached XP level 11. HP: 95/95 MP: 14/14
  9432 | D:9      | Found Pumpacs's General Store.
  9934 | D:9      | Bought a scroll of butterflies for 40 gold pieces
 10223 | D:9      | Found Kupuonke's Armour Shoppe.
 10231 | D:9      | Bought a +2 pair of gloves of stealth for 322 gold pieces
 10283 | D:9      | Reached skill level 5 in Armour
 10387 | D:10     | Entered Level 10 of the Dungeon
 10657 | D:10     | Reached XP level 12. HP: 77/104 MP: 15/15
 10762 | D:10     | Reached skill level 13 in Ranged Weapons
 10864 | D:10     | Found a staircase to the Orcish Mines.
 11070 | D:10     | Identified a scroll of acquirement
 11070 | D:10     | Acquired a manual of Ranged Weapons
 11325 | Orc:1    | Entered Level 1 of the Orcish Mines
 11561 | Orc:1    | Paralysed by an orc sorcerer for 3 turns
 11752 | Orc:1    | Paralysed by an orc sorcerer for 2 turns
 11916 | Orc:1    | Noticed an ettin
 11922 | Orc:1    | Killed an ettin
 12251 | Orc:2    | Entered Level 2 of the Orcish Mines
 12506 | Orc:2    | Found a staircase to the Elven Halls.
 12601 | Orc:2    | Reached skill level 14 in Ranged Weapons
 13043 | Orc:2    | Found Ajokunga's Antique Weapon Boutique.
 13063 | Orc:2    | Noticed an ogre mage
 13086 | Orc:2    | Killed an ogre mage
 13180 | Orc:2    | Reached skill level 10 in Fighting
 13181 | Orc:2    | Noticed an ogre mage
 13188 | Orc:2    | Reached skill level 10 in Dodging
 13189 | Orc:2    | Killed an ogre mage
 13222 | Orc:2    | Found Belukhlu's Antique Armour Boutique.
 13266 | Orc:2    | Reached skill level 15 in Ranged Weapons
 13288 | Orc:2    | Found Wyton's Jewellery Boutique.
 13306 | Orc:2    | Found Nod Kupu's Magic Scroll Shop.
 13314 | Orc:2    | Bought 2 scrolls of teleportation for 96 gold pieces
 13864 | D:11     | Found a staircase to the Lair.
 13961 | D:11     | Found Quosuk's Assorted Antiques.
 13971 | D:11     | Reached XP level 13. HP: 113/113 MP: 16/16
 13973 | D:11     | Bought an encrusted helmet for 247 gold pieces
 13973 | D:11     | Identified the +0 helmet of Jagilu {-Tele +Inv Str+3 Int-5}
                  | (You bought it in a shop on level 11 of the Dungeon)
 13973 | D:11     | Bought a scroll of fear for 104 gold pieces
 13973 | D:11     | Bought a bubbling emerald potion for 23 gold pieces
 14703 | D:12     | Found Bijijol's Book Shop.
 14706 | D:12     | Noticed Jorgrun
 14719 | D:12     | Killed Jorgrun
 15135 | D:12     | Reached skill level 16 in Ranged Weapons
 15752 | D:13     | Identified the staff "Omowaogu" {rF++ Str+3 Stlth- Conj
                  | Earth}
 15969 | D:13     | Found a gate to the Vaults.
 16250 | Lair:1   | Entered Level 1 of the Lair of Beasts
 16434 | Lair:1   | Found a dark tunnel.
 16440 | Volcano  | Entered a volcano
 17433 | Lair:1   | Reached skill level 17 in Ranged Weapons
 18039 | Lair:2   | Found a staircase to the Swamp.
 18417 | Lair:2   | Reached XP level 14. HP: 124/124 MP: 17/17
 18970 | Lair:3   | Identified the +0 falchion of Woilola {protect, Int+2 Dex-5
                  | Stlth+}
 19862 | Lair:3   | Found a staircase to the Snake Pit.
 20339 | Lair:4   | Reached skill level 10 in Armour
 20535 | Lair:4   | Reached skill level 18 in Ranged Weapons
 20535 | Lair:4   | Reached XP level 15. HP: 132/132 MP: 18/18
 20836 | Lair:4   | Noticed Rupert
 20841 | Lair:4   | Paralysed by Rupert for 2 turns
 20843 | Lair:4   | Killed Rupert
 21166 | Lair:5   | Entered Level 5 of the Lair of Beasts
 22065 | Lair:5   | Identified the +1 quarterstaff of Necaican {holy, rN+ MP-9
                  | Int+3}
 22263 | Lair:5   | Found a staircase to the Slime Pits.
 23011 | D:13     | Identified the +0 robe of Perfidy {SInv}
 23287 | D:13     | Reached XP level 16. HP: 141/141 MP: 19/19
 23426 | D:13     | Got the Octavo of the Grounded Vector
 24644 | D:14     | Gained mutation: Your system is resistant to poisons.
                  | (rPois) [potion of mutation]
 25010 | Snake:1  | Entered Level 1 of the Snake Pit
 25346 | Snake:1  | Identified the +7 falchion of Xeubagy {protect, Int+4}
 26049 | Snake:1  | You fall into a shaft and drop 1 floor!
 26049 | Snake:2  | Noticed Roxanne
 26050 | Snake:2  | Noticed Vashnia
 26311 | Snake:2  | Identified the serpent talisman of Jigsaw {Will++ Dex+2}
 26311 | Snake:2  | Noticed Aizul
 26316 | Snake:2  | Killed Aizul
 26633 | Snake:2  | Reached skill level 1 in Shapeshifting
 27360 | Snake:3  | Reached skill level 1 in Shields
 27561 | Snake:3  | Noticed Louise
 27595 | Snake:3  | Killed Louise
 27903 | Snake:4  | Entered Level 4 of the Snake Pit
 28102 | Snake:4  | Reached XP level 17. HP: 150/151 MP: 20/20
 29333 | Snake:2  | Killed Vashnia
 29724 | D:15     | Entered Level 15 of the Dungeon
 29849 | D:15     | Found the +5 scythe "Finisher" {speed, execute}
 29907 | D:15     | Reached skill level 5 in Shields
 30069 | D:15     | Found a staircase to the Depths.
 30718 | Swamp:1  | Entered Level 1 of the Swamp
 31982 | Swamp:2  | Reached skill level 5 in Shapeshifting
 32357 | Swamp:2  | Noticed Mlioglotl
 32359 | Swamp:2  | Noticed a lich
 32664 | Swamp:2  | Noticed a hellephant
 32666 | Swamp:2  | Killed Mlioglotl
 33002 | Swamp:3  | Identified the +6 spear of the Scavenger {elec, rF+ Will+
                  | Int+4}
 33332 | Swamp:4  | Entered Level 4 of the Swamp
 33407 | Swamp:4  | Reached XP level 18. HP: 161/161 MP: 21/21
 33529 | Swamp:4  | Found a transporter.
 33556 | Swamp:4  | Noticed Frank's ghost (adept DsFi)
 33568 | Swamp:4  | Found a transporter.
 33721 | Swamp:4  | Reached skill level 15 in Armour
 33925 | Swamp:4  | Got a decaying rune of Zot
 34776 | Snake:4  | Reached skill level 15 in Fighting
 34941 | Snake:4  | Got a serpentine rune of Zot
 35313 | Vaults:1 | Entered Level 1 of the Vaults
 35385 | Vaults:1 | Found a magical portal.
 35394 | WizLab   | Entered The Chambers of the Cloud Mage
 35419 | WizLab   | Noticed Gedovoji
 35425 | WizLab   | HP: 7/163 [Gedovoji the Cloud Mage/vortex (22)]
 35425 | WizLab   | Killed from afar by Gedovoji the Cloud Mage

Illustrated notes

Levels and vault maps discovered:
D:1:      sevenhm_arrival_forest_fort_small_6, layout_basic
D:2:      layout_basic, basic_altar, hangedman_abyss_or_decor_stabs,
          grunt_ministairs_6, chequers_serial_rivers_micro_b, uniq_natasha,
          uniq_crazy_yiuf_cottage
D:3:      layout_loops_ring, nicolae_overflow_two_pavilions,
          hangedman_decor_peaks_small, grunt_decor_arrowhead, uniq_sigmund,
          uniq_grinder
D:4:      layout_basic, nicolae_overflow_crystal_walls,
          minmay_temple_entry_mist, serial_shops, shop,
          nicolae_shop_rolling_square, kennysheep_generic_room_11, uniq_duvessa,
          uniq_blork_the_orc
D:5:      layout_gridville, grunt_temple_overflow_opulence,
          lemuel_mausoleum_altar_kikubaaqudgha
D:6:      layout_layer_cave, vehumet_altar_wand_db, uniq_menkaure
D:7:      layout_loops_corners, lemuel_crystal_altar,
          nicolae_sif_muna_condensation, lemuel_flame_loot_1
D:8:      layout_cave_pools, enter_bailey_4, special_room [special_room_orc]
D:9:      layout_irregular_city, lemuel_crystal_altar, serial_shops,
          nicolae_shop_waterfront, shop
D:10:     layout_basic, zombieorc2_lemuel
D:11:     layout_stronghold, david_lair_generic, serial_shops, shop,
          hangedman_abyss_or_decor_lesser_grid
D:12:     layout_roguey, serial_shops, nicolae_diamond_shop, minivault_16,
          uniq_jorgrun
D:13:     minmay_the_grid_square_5x5_4x4_mashed
          [minmay_the_grid_square_5x5_sharp_hourglass,
          minmay_the_grid_square_5x5_n, minmay_the_grid_square_5x5_inset,
          minmay_the_grid_square_5x5_tie,
          minmay_the_grid_square_5x5_hollow_slash,
          minmay_the_grid_square_5x5_prize_open,
          minmay_the_grid_square_5x5_prize_gold,
          minmay_the_grid_square_5x5_spiral_small,
          minmay_the_grid_square_5x5_tetrominoes,
          minmay_the_grid_square_5x5_prize_itemx,
          minmay_the_grid_square_5x5_prize_rear_guard,
          minmay_the_grid_square_5x5_n_small,
          minmay_the_grid_square_5x5_intrusive_squares,
          minmay_the_grid_square_5x5_six, minmay_the_grid_square_5x5_three,
          minmay_the_grid_square_5x5_bite], layout_loops_corners,
          lightli_vaults_fourway_checkpoint, serial_park_tiny_pond
D:14:     layout_cave_pods, cheibriados_altar_1, st_stairs_9
D:15:     gammafunk_depths_entry_grave, layout_small_grid,
          chequers_decorated_corner
Lair:1:   layout_chaotic_city, nicolae_volcano_entry_s_turn,
          infiniplex_staircase_pool_2, grunt_megastairs_3
Lair:2:   layout_gridlike, minmay_swamp_entry_eels
Lair:3:   nzn_winding_woodlands_cross
          [nzn_winding_woodlands_5x15_pathside_ponds,
          nzn_winding_woodlands_5x15_pool, nzn_winding_woodlands_5x15_parted,
          nzn_winding_woodlands_5x15_lazy_stream,
          nzn_winding_woodlands_15x15_thick_spiral], layout_loops_ring,
          alex1729_snake_entry_snake
Lair:4:   layout_hall_layers, uniq_rupert
Lair:5:   minmay_lair_end_enchanted_forest, layout_gridlike,
          nicolae_slime_entry_field_trip, ice2_lemuel
Swamp:1:  layout_basic_swamp, nicolae_swamp_godswood, swamp_pool_1_2
Swamp:2:  layout_basic_swamp, hangedman_swamp_cone, swamp_pool_1_2,
          infiniplex_staircase_pool, uniq_mlioglotl
Swamp:3:  layout_falls_marsh, hangedman_swamp_diagram, swamp_pool_3
Swamp:4:  swamp_basic_johnstein, layout_basic_swamp,
          gammafunk_ghost_wrathful_warriors, nicolae_swamp_tree_isthmus
Snake:1:  layout_layer_cave, hangedman_corner_corridor
Snake:2:  layout_basic, uniq_aizul, uniq_vashnia, uniq_roxanne
Snake:3:  cheibrodos_snake_ritualist_ritual, layout_onion_interference,
          uniq_louise
Snake:4:  snake_pit, layout_cave_town, basic_altar
Orc:1:    layout_diamond_mine
Orc:2:    kennysheep_orc_mage_school, layout_caves, mines1_david
Vaults:1: infiniplex_enter_wizlab_spiral, hangedman_vaults_slice,
          dpeg_vaults_waves, vaults_room_grunt_arrival_ludios,
          nicolae_vaults_network_star, nicolae_vaults_more_shelving_1,
          nicolae_vaults_rhombus_5, nicolae_vaults_trapezoid_lopsided_3,
          layout_vaults_big_room, uniq_norris
WizLab:   wizlab_cloud

Skill      XL: |  1  2  3  4  5  6  7  8  9 10 11 12 13 14 15 16 17 18 |
---------------+-------------------------------------------------------+-----
Fighting       | 2 3 4 5 7 8 9 10 11 12 13 14 15 | 15.0
Dodging        | 2 3 4 5 7 8 9 10 11 12 13 14 | 14.9
Ranged Weapons | 4 5 6 7 8 10 12 15 17 18 | 18.5
Armour         | 4 5 7 8 10 12 14 15 | 15.2
Shapeshifting  | 3 5 6 |  6.4
Shields        | 2 7 9 |  9.3
Stealth        | |  0.8

Action                     |  1- 3 |  4- 6 |  7- 9 | 10-12 | 13-15 | 16-18 || total
---------------------------+-------+-------+-------+-------+-------+-------++-------
   Fire: Shortbow          |    78 |   121 |   228 |   207 |       |       ||   634
         Orcbow            |       |       |   230 |   483 |    52 |    99 ||   864
         Hand cannon       |       |       |       |   160 |   512 |   974 ||  1646
         Arbalest          |       |       |       |       |   317 |   198 ||   515
  Throw: Dart              |       |     8 |     5 |     2 |       |       ||    15
  Evoke: Wand              |       |     1 |    13 |     4 |       |     1 ||    19
    Use: Scroll            |     4 |     3 |     9 |    10 |     8 |    11 ||    45
         Potion            |       |       |       |     5 |     5 |     5 ||    15
 Armour: Leather armour    |    11 |     7 |       |   148 |    55 |       ||   221
         Robe              |       |    13 |   113 |       |    12 |       ||   138
         Ring mail         |       |       |       |       |   126 |   290 ||   416
  Dodge: Dodged            |    13 |    29 |   168 |   310 |   516 |   600 ||  1636
  Block: Kite shield       |       |       |       |       |       |   573 ||   573
